 Dungeon Crawl Stone Soup version 0.27-a0-720-g3f424a255b (webtiles) character file.

Game seed: 2815692961320050458

77 PentaManta the Ducker (level 4, -3/23 HPs)
             Began as a Spriggan Abyssal Knight on Mar 23, 2021.
             Was a Believer of Lugonu.
             Slain by Robin
             ... wielding a +0 mace
              (5 damage)
             ... on level 3 of the Dungeon.
             The game lasted 00:05:36 (3373 turns).

PentaManta the Ducker (Spriggan Abyssal Knight)     Turns: 3373, Time: 00:05:37

Health: -3/23      AC:  2    Str:  8    XL:     4   Next: 13%
Magic:  6/6        EV: 19    Int: 13    God:    Lugonu [**....]
Gold:   149        SH:  0    Dex: 15    Spells: 3/3 levels left

rFire    . . .     SeeInvis +   a - +1 short sword
rCold    . . .     Faith    .   (shield restricted)
rNeg     . . .     Spirit   .   b - +0 robe
rPois    .         Reflect  .   (helmet restricted)
rElec    .         Harm     .   (no cloak)
rCorr    .         Rampage  .   (gloves unavailable)
Will     .....                  (boots unavailable)
Stlth    +++.......             (no amulet)
HPRegen  0.07/turn              (no ring)
MPRegen  0.10/turn              (no ring)

@: very quick
A: very small, no large weapons, unfitting armour, see invisible, speed 3
a: Renounce Religion, Depart the Abyss, Bend Space


You were on level 3 of the Dungeon.
You worshipped Lugonu.
Lugonu was pleased with you.
You visited 1 branch of the dungeon, and saw 3 of its levels.
You visited the Abyss 1 time.

You collected 149 gold pieces.

Inventory:

Hand Weapons
 a - a +1 short sword (weapon)
 k - a +0 dagger
Missiles
 h - 26 poisoned darts
 l - 63 stones
 n - 52 sling bullets
 t - 2 boomerangs (quivered)
Armour
 b - a +0 robe (worn)
Scrolls
 c - a scroll of amnesia {unknown}
 d - a scroll of immolation {unknown}
 e - a scroll of blinking {unknown}
 g - a scroll of enchant armour {unknown}
 m - a scroll of noise {unknown}
 p - a scroll of fear {unknown}
 q - a scroll of holy word {unknown}
 r - a scroll of magic mapping {unknown}
Potions
 f - a potion of flight {unknown}
 i - a potion of curing
 j - a potion of lignification {unknown}
 o - a potion of mutation {unknown}
 s - a potion of brilliance {unknown}


   Skills:
 - Level 2.4 Fighting
 - Level 2.1 Short Blades
 + Level 4.9 Dodging
 + Level 4.2 Stealth
 - Level 1.7 Invocations


You had 3 spell levels left.
You didn't know any spells.
Your spell library contained the following spells:

 Spells                   Type           Power      Damage    Failure   Level
 Magic Dart               Conj           0%         1d3       30%         1
 Blink                    Tloc           N/A        N/A       43%         2
 Call Imp                 Summ           0%         N/A       43%         2
 Slow                     Hex            0%         N/A       43%         2
 Conjure Flame            Conj/Fire      0%         6-21      67%         3
 Mephitic Cloud           Conj/Pois/Air  0%         N/A       67%         3


Dungeon Overview and Level Annotations

Branches:
Dungeon (3/15)

Altars:
Nemelex Xobeh

Annotations:
D:3 Robin


Innate Abilities, Weirdness & Mutations

You are very small and have problems with some larger weapons.
You are too small for most types of armour.
You have supernaturally acute eyesight. (SInv)
You cover ground extremely quickly. (Speed+++)


Message History

Robin misses you.
You hit Robin but do no damage.
Robin is moderately wounded.
Robin hits you with a +0 mace.
You hit Robin.
Robin is heavily wounded.
Robin completely misses you.
You closely miss Robin.
Robin is heavily wounded.
Robin misses you.
You hit Robin but do no damage.
Robin is heavily wounded.
Robin says, "My goblins will feast on your bones."
Robin barely misses you.
You hit Robin but do no damage.
Robin is heavily wounded.
Robin closely misses you.
A hobgoblin comes into view.
You hit Robin.
Robin is severely wounded.
Robin roars a battlecry!
The hobgoblin goes into a battle-frenzy!
You hit Robin.
Robin is almost dead.
Robin hits you with a +0 mace.
You hit Robin but do no damage.
Robin is almost dead.
Robin barely misses you.
You hit Robin but do no damage.
Robin is almost dead.
Robin barely misses you. The hobgoblin misses you.
You barely miss Robin.
Robin is almost dead.
Robin hits you with a +0 mace. The hobgoblin hits you!
* * * LOW HITPOINT WARNING * * *
Unknown command.
Okay, then.
Okay, then.
Robin hits you with a +0 mace.
You die...

###########.# #...........#
#.#########.# #.#.......#.#
#.#.#####.#'##
#.#..........#
######.#...##.....#
#......#...#............+..
#####'##


You could see Robin and a hobgoblin (strong).

Vanquished Creatures
  9 dart slugs
  An orc (D:3)
  A bat (D:1)
  4 giant cockroaches
  11 goblins
  7 hobgoblins
  3 kobolds
  5 oozes
  2 quokkas
  4 ball pythons
  2 frilled lizards
  A rat (D:2)
50 creatures vanquished.

Notes
Turn   | Place    | Note
-------+----------+-------------------------------------------
     0 | Abyss:1  | PentaManta the Spriggan Abyssal Knight began the quest for
                  | the Orb.
     0 | Abyss:1  | Reached XP level 1. HP: 11/11 MP: 3/3
    39 | Abyss:1  | Noticed a small abomination
    69 | Abyss:1  | Noticed a small abomination
    86 | Abyss:1  | Noticed a large abomination
    87 | Abyss:1  | Noticed a ynoxinul
    91 | D:1      | Escaped the Abyss
   132 | D:1      | Found a sparkling altar of Nemelex Xobeh.
   175 | D:1      | Reached skill level 1 in Stealth
   849 | D:1      | Reached XP level 2. HP: 15/16 MP: 4/4
  1885 | D:2      | Reached XP level 3. HP: 19/19 MP: 5/5
  2334 | D:3      | Reached ** piety under Lugonu
  2915 | D:3      | Noticed Robin
  2923 | D:3      | Reached XP level 4. HP: 15/23 MP: 6/6
  3373 | D:3      | Slain by Robin

Illustrated notes

Levels and vault maps discovered:
D:1:      giann_wishing_wells, layout_basic, nemelex_altar_shiori
D:2:      layout_loops_ring
D:3:      kennysheep_slugbush, layout_basic, nicolae_ashenzari_panopticon,
          uniq_robin, uniq_jessica

Skill      XL: |  1  2  3 |
---------------+----------+-----
Stealth        | 1 3 4 |  4.2
Dodging        | 4 |  4.9
Fighting       | |  2.4
Short Blades   | |  2.1
Invocations    | |  1.7

Action                   |  1- 3 |  4- 6 || total
-------------------------+-------+-------++-------
Melee: Short sword       |   133 |    48 ||   181
Throw: Boomerang         |     9 |     4 ||    13
Invok: Bend Space        |       |     2 ||     2
  Use: Potion            |       |     1 ||     1
 Stab: Sleeping          |    11 |       ||    11
Armor: Robe              |    10 |     2 ||    12
Dodge: Dodged            |    83 |    47 ||   130

Table legend: (Time is in decaauts)
 A = Elapsed time spent in this place.
 B = Non-inter-level travel time spent in this place.
 C = Inter-level travel time spent in this place.
 D = Time resting spent in this place.
 E = Time spent auto-exploring this place.
 F = Levels seen in this place.
 G = Mean time per level.
                   A        B        C        D        E       F      G
               +--------+--------+--------+--------+--------+-----+--------+
         Total |   2793 |   2763 |     30 |   1153 |   1097 |   4 |  698.2 |
       Dungeon |   2737 |   2707 |     30 |   1153 |   1097 |   3 |  912.3 |
         Abyss |     55 |     55 |      0 |      0 |      0 |   1 |   55.0 |
               +--------+--------+--------+--------+--------+-----+--------+

Top non-repeatable levels by time:
     D:1: 1064 daAuts
     D:2: 1017 daAuts
     D:3: 655 daAuts
 Abyss:1: 55 daAuts
